 Dungeon Crawl Stone Soup version 0.18.1-48-g4cf74bf (webtiles) character file.

3310 theElss the Destroyer (level 9, -7/51 HPs)
             Began as a High Elf Conjurer on July 11, 2016.
             Was an Initiate of Vehumet.
             Mangled by a crocodile (13 damage)
             ... on level 8 of the Dungeon.
             The game lasted 00:37:44 (8590 turns).

theElss the Destroyer (High Elf Conjurer)           Turns: 8590, Time: 00:37:44

Health: -7/51      AC:  7    Str:  9    XL:     9   Next: 70%
Magic:  10/23      EV: 16    Int: 20    God:    Vehumet [......]
Gold:   507        SH:  0    Dex: 17    Spells: 5 memorised, 13 levels left

rFire  . . .     SeeInvis .     n - +1 short sword (venom)
rCold  . . .     Gourm    .     a - +0 robe
rNeg   . . .     Faith    .     (no shield)
rPois  .         Spirit   .     d - +1 helmet
rElec  .         Dismiss  .     E - +2 cloak
rCorr  .         Reflect  .     (no gloves)
SustAt .         Harm     .     (no boots)
MR     .....                    (no amulet)
Stlth  ++........               (no ring)
                                (no ring)

@: not resistant to hostile enchantments, unstealthy
A: no striking features
a: Renounce Religion


You were on level 8 of the Dungeon.
You worshipped Vehumet.
Vehumet was noncommittal.
You were not hungry.

You visited 2 branches of the dungeon, and saw 9 of its levels.
You also visited: Ossuary.

You collected 507 gold pieces.

Inventory:

Hand Weapons
 n - a +1 short sword of venom (weapon)
Armour
 a - a +0 robe (worn)
 d - a +1 helmet (worn)
 E - a +2 cloak (worn)
Rods
 D - a +0 rod of inaccuracy (10/10)
   (You found it on level 7 of the Dungeon)
Jewellery
 v - an uncursed ring of teleportation
Wands
 e - a wand of polymorph (9/24)
 F - a wand of polymorph (15/24)
Scrolls
 h - 5 scrolls of remove curse
 l - 4 scrolls of holy word {unknown}
 o - 3 scrolls of fog {unknown}
 p - a scroll of recharging {unknown}
 q - a scroll of enchant weapon {unknown}
 r - 2 scrolls of enchant armour {unknown}
 t - a scroll of immolation {unknown}
 u - 2 scrolls of teleportation {unknown}
 w - a scroll of magic mapping {unknown}
 x - 2 scrolls of blinking {unknown}
 y - a scroll of random uselessness {unknown}
Potions
 f - a potion of cure mutation
 g - 2 potions of flight
 i - 2 potions of berserk rage
 j - 6 potions of curing
 k - 4 potions of heal wounds
 m - 2 potions of agility
 z - 2 potions of haste
 B - a potion of degeneration {unknown}
Books
 b - a book of Conjurations

   Spells                             Type                      Level
   a - Magic Dart                     Conjuration                  1
   b - Searing Ray                    Conjuration                  2
   c - Dazzling Spray                 Conjuration/Hexes            3
   d - Fulminant Prism                Conjuration/Hexes            4
   e - Iskenderun's Mystic Blast      Conjuration                  4
   f - Iskenderun's Battlesphere      Conjuration/Charms           5
 A - a book of Changes

   Spells                             Type                      Level
   a - Beastly Appendage              Transmutation                1
   b - Sticks to Snakes               Transmutation                2
   c - Spider Form                    Transmutation/Poison         3
   d - Ice Form                       Ice/Transmutation            4
   e - Blade Hands                    Transmutation                5
 C - a book of Air

   Spells                             Type                      Level
   a - Shock                          Conjuration/Air              1
   b - Swiftness                      Charms/Air                   2
   c - Repel Missiles                 Charms/Air                   2
   d - Static Discharge               Conjuration/Air              3
   e - Lightning Bolt                 Conjuration/Air              5
Comestibles
 c - 8 bread rations
 s - 6 meat rations
 G - a chunk of flesh


   Skills:
 + Level 1.2 Short Blades
 + Level 5.9 Dodging
 - Level 2.1 Stealth
 + Level 9.9 Spellcasting
 + Level 10.9 Conjurations
 + Level 0.5 Air Magic


You had 13 spell levels left.
You knew the following spells:

 Your Spells              Type           Power        Failure   Level  Hunger
a - Magic Dart            Conj           ####         1%          1    None
b - Iskenderun's Battles  Conj/Chrm      ####....     24%         5    #####..
c - Searing Ray           Conj           ######       1%          2    None
d - Iskenderun's Mystic   Conj           ######..     1%          4    ##.....
e - Repel Missiles        Chrm/Air       ##....       12%         2    None


Dungeon Overview and Level Annotations

Branches:
Dungeon (8/15)             Temple (1/1) D:5
   Lair: D:8-11

Altars:
Ashenzari
Cheibriados
Dithmenos
Elyvilon
Fedhas
Gozag
Kikubaaqudgha
Makhleb
Nemelex Xobeh
Okawaru
Pakellas
Qazlal
Sif Muna
Trog
Vehumet
Xom
Yredelemnul
Zin
The Shining One

Annotations:
D:3 exclusion: 3 doors


Message History

Confirm with . or Enter, or press ? or * to list all spells.
Okay, then.
Casting: Iskenderun's Mystic Blast
Confirm with . or Enter, or press ? or * to list all spells.
Aiming: Iskenderun's Mystic Blast
Press: ? - help, Shift-Dir - straight line, f - crocodile
Aim: a crocodile The orb of energy hits the crocodile.
The crocodile is severely wounded.
The crocodile bites you!
* * * LOW HITPOINT WARNING * * *
Casting: Iskenderun's Mystic Blast
Confirm with . or Enter, or press ? or * to list all spells.
Aiming: Iskenderun's Mystic Blast
Press: ? - help, Shift-Dir - straight line, f/p - crocodile
Aim: a crocodile (severely wounded)
The orb of energy hits the crocodile.
The crocodile is almost dead.
The crocodile bites you!
You die...

#.#.#####.# #.......(..
#.#.# #.# #..######.. #.#.#
#.# #.......... #.#.# ##.##
##..######.. ##.#.# ##...##
#...........
#....###.....####...########
#...................#
#...###......#####.## #.#.#
#......@t....#
#.#.###.##########.#
#.#.....# #.# . #.###.###
#.######.... #.# #>#
#.Y†.Y†rt... #.# #.#
#.#####.tP.. ####.###.# #.#
..♣ .........# #.# .
#.######## #.#


You could see a crocodile.

Vanquished Creatures
  The ghost of TBriggs11TB the Skirmisher, a novice DsBe of Trog (D:5)
  A two-headed ogre (D:8)
  A basilisk (D:8)
  A hippogriff (D:7)
  2 orc warriors (D:6)
  A porcupine (D:8)
  2 ice beasts
  2 sky beasts
  A centaur (D:5)
  3 ogres
  An elf zombie (D:7)
  A gnoll sergeant (D:6)
  A giant frog (D:4)
  2 scorpions (D:7)
  A water moccasin skeleton (D:7)
  A howler monkey (D:4)
  A crimson imp (D:6)
  3 centaur zombies (Ossuary)
  2 hounds
  2 jellies (D:5)
  2 orc priests
  Crazy Yiuf (D:7)
  2 centaur skeletons
  2 giant frog skeletons (D:6)
  A human zombie (D:7)
  5 orc wizards
  An iguana (D:4)
  A human skeleton (D:7)
  3 worker ants
  4 sheep (D:8)
  4 big kobold zombies (Ossuary)
  A hound skeleton (D:5)
  3 mummies (Ossuary)
  A howler monkey zombie (D:7)
  5 gnolls (D:6)
  6 adders
  A river rat (D:8)
  A shadow imp (D:6)
  3 worms
  2 dart slugs
  A giant gecko (D:4)
  27 orcs
  2 giant cockroaches
  9 goblins
  7 hobgoblins
  2 jackals (D:4)
  2 quokkas
  2 ball pythons
  9 bats
  2 giant gecko skeletons
  A giant gecko zombie (D:6)
  3 giant newts
  A hobgoblin zombie (Ossuary)
  2 kobolds
  An orc skeleton (D:7)
  2 orc zombies (D:7)
  7 rats
  A fungus (D:7)
160 creatures vanquished.

Vanquished Creatures (others)
  A mummy (Ossuary)
1 creature vanquished.

Grand Total: 161 creatures vanquished

Notes
Turn   | Place    | Note
--------------------------------------------------------------
     0 | D:1      | theElss the High Elf Conjurer began the quest for the Orb.
     0 | D:1      | Reached XP level 1. HP: 11/11 MP: 4/4
   356 | D:1      | Reached XP level 2. HP: 17/17 MP: 4/6
   360 | D:1      | Learned a level 2 spell: Searing Ray
   716 | D:1      | Reached skill level 5 in Conjurations
  1075 | D:2      | Reached XP level 3. HP: 21/21 MP: 5/8
  1428 | D:2      | Found an oddly glowing altar of Pakellas.
  1612 | D:3      | Found a glowing golden altar of the Shining One.
  1917 | D:3      | Found an ancient bone altar of Kikubaaqudgha.
  1917 | D:3      | Noticed a sky beast
  2384 | D:3      | Reached XP level 4. HP: 27/27 MP: 4/9
  2760 | D:4      | Reached skill level 6 in Conjurations
  2818 | D:4      | Found a shadowy altar of Dithmenos.
  3025 | D:4      | Noticed a giant frog
  3034 | D:4      | Killed a giant frog
  3034 | D:4      | Reached XP level 5. HP: 29/31 MP: 5/11
  3108 | D:4      | Learned a level 5 spell: Iskenderun's Battlesphere
  3168 | D:4      | Found an iron altar of Okawaru.
  3282 | D:4      | Learned a level 4 spell: Iskenderun's Mystic Blast
  3467 | D:4      | Reached XP level 6. HP: 31/36 MP: 4/13
  3641 | D:5      | Entered Level 5 of the Dungeon
  4037 | D:5      | Reached skill level 5 in Spellcasting
  4037 | D:5      | Reached skill level 7 in Conjurations
  4340 | D:5      | Noticed an ice beast
  4448 | D:5      | Reached XP level 7. HP: 34/41 MP: 12/16
  4486 | D:5      | Found a stormy altar of Qazlal.
  4724 | D:5      | Found a bloodstained altar of Trog.
  4866 | D:5      | Found a staircase to the Ecumenical Temple.
  4877 | Temple   | Entered the Ecumenical Temple
  5163 | D:5      | Noticed TBriggs11TB's ghost (novice DsBe)
  5190 | D:5      | Killed TBriggs11TB's ghost
  5342 | D:5      | Reached skill level 8 in Conjurations
  5388 | D:5      | Reached XP level 8. HP: 46/46 MP: 8/19
  5867 | D:6      | Reached skill level 9 in Conjurations
  6148 | D:6      | Learned a level 2 spell: Repel Missiles
  6662 | D:7      | Reached skill level 5 in Dodging
  6818 | D:7      | Reached XP level 9. HP: 51/51 MP: 16/22
  6943 | D:7      | Found a sand-covered staircase.
  6948 | Ossuary  | Entered an ossuary
  7508 | D:7      | Reached skill level 10 in Conjurations
  7684 | D:7      | Found a radiant altar of Vehumet.
  7691 | D:7      | Became a worshipper of Vehumet
  7696 | D:7      | Found a snail-covered altar of Cheibriados.
  7700 | D:7      | Found a blossoming altar of Fedhas.
  7900 | D:7      | Noticed an angel
  7901 | D:7      | Found a glowing silver altar of Zin.
  7901 | D:7      | Found a shimmering altar of Xom.
  8230 | D:7      | Noticed Crazy Yiuf
  8233 | D:7      | Killed Crazy Yiuf
  8578 | D:8      | Reached skill level 1 in Short Blades
  8590 | D:8      | Mangled by a crocodile

Skill      XL: |  1  2  3  4  5  6  7  8  9 |
---------------+----------------------------+-----
Conjurations   | 5 6 7 8 9 10 | 10.9
Spellcasting   | 3 4 5 7 8 9 |  9.9
Dodging        | 3 5 |  5.9
Short Blades   | 1 |  1.2
Stealth        | |  2.1
Air Magic      | |  0.5

Action                   |  1- 3 |  4- 6 |  7- 9 || total
-------------------------+-------+-------+-------++-------
Melee: Dagger            |     4 |       |       ||     4
       Short sword       |       |     1 |    36 ||    37
 Cast: Magic Dart        |    82 |    57 |   144 ||   283
       Searing Ray       |     3 |    17 |    50 ||    70
       Iskenderun's Myst |       |     1 |    20 ||    21
       Repel Missiles    |       |       |     1 ||     1
  Use: Scroll            |     3 |     4 |     4 ||    11
  Eat: Chunk             |     5 |     6 |    12 ||    23
       Beef jerky        |       |       |     2 ||     2
Armor: Robe              |    10 |       |    19 ||    29
Dodge: Dodged            |     5 |    17 |    68 ||    90
       Deflected         |       |       |     1 ||     1
